cohdb
Replays
Latest Replays
All Replays
Popular Replays
Top Player Replays
Match Explorer
How It Works
Community
CoH3 Stats
Reddit
Sign in to upload your games and track your stats! →
Sign in with Steam
Match 43644836
Unlisted
Match 43644836
Overview
Messages
Build Orders
End
Scout Squad
Construct Barracks
1⁄4-ton 4x4 Truck
Selects Airborne Battlegroup
Selects Heavy Machine Gun Paradrop
1⁄4-ton 4x4 Truck
Engineer Squad
Selects Paratrooper Squad Paradrop
Paratrooper Squad Paradrop
Mechanized Support Center
Paratrooper Squad Paradrop
Construct Medical Station
Construct Motor Pool
M24 Chaffee Light Tank
Heavy Machine Gun Paradrop
M24 Chaffee Light Tank
Designate Forward Repair Station
Paratrooper Squad Paradrop
M24 Chaffee Light Tank
M24 Chaffee Light Tank
Designate Forward Repair Station
M24 Chaffee Light Tank
Paratrooper Squad Paradrop
M24 Chaffee Light Tank
Selects Recon Loiter
Selects Supply Drop
Selects Carpet Bombing Run
Esxile
PutPut-AusarTheVile
Symbiosis
CAuMOH
0
0
Comments
sign in to comment!
No comments posted yet!